 Dungeon Crawl Stone Soup version 0.29-a0-982-gaed3a0c8d8 (webtiles) character file.

Game seed: 3319152987989165919

19983 ragingrage the Black Belt (level 12, -4/109 HPs)
             Began as a Naga Monk on Aug 1, 2022.
             Was a High Priest of Cheibriados.
             Slain by a cyclops (24 damage)
             ... on level 11 of the Dungeon.
             The game lasted 00:29:15 (11690 turns).

ragingrage the Black Belt (Naga Monk)              Turns: 11690, Time: 00:29:15

Health: -4/109     AC:  9    Str: 28    XL:     12   Next: 74%
Magic:  19/19      EV: 15    Int: 22    God:    Cheibriados [*****.]
Gold:   656        SH:  0    Dex: 31    Spells: 11/11 levels left

rFire   + . .      SeeInvis +     - Unarmed
rCold   + . .      Faith    .   (no shield)
rNeg    . . .      Spirit   .   v - +3 leather armour {rC+}
rPois   +          Reflect  .   (no helmet)
rElec   +          Harm     .   q - +0 cloak of Cocytus {*Slow rElec rPois Regen+}
rCorr   .          Rampage  .   (no gloves)
Will    +....                   (no barding)
Stlth   ++++......              f - amulet of the acrobat
HPRegen 1.08/turn               H - ring "Vaoh" {rPois rF+ EV+4 Dex+2 Stlth+}
MPRegen 0.16/turn               (no ring)

@: very slow
A: AC +4, large, see invisible, deformed body, poison resistance, slowness 2,
spit poison 1, naga tail 1
a: Spit Poison, Renounce Religion, Bend Time, Temporal Distortion, Slouch, Step
From Time


You were on level 11 of the Dungeon.
You worshipped Cheibriados.
Cheibriados was extremely pleased with you.
You visited 2 branches of the dungeon, and saw 12 of its levels.
You also visited: Bailey.

You collected 1022 gold pieces.
You spent 366 gold pieces at shops.

Inventory:

Hand Weapons
 A - the +7 whip "Ydwabrudu" {freeze, Fly Str+4}
   (You found it on level 8 of the Dungeon)

   It freezes those it strikes, dealing additional cold damage.
   It can also slow down cold-blooded creatures.
   Str:       It affects your strength (+4).
   Fly:       It grants you flight.
 B - a +4 scimitar of flaming
Missiles
 k - 9 javelins
 C - 3 silver javelins
 E - 16 boomerangs (quivered)
 I - 2 silver boomerangs
 M - 5 throwing nets
 Q - 2 poisoned darts
Armour
 q - the +0 cloak of Cocytus (worn) {*Slow rElec rPois Regen+}
   (You bought it in a shop on level 6 of the Dungeon)

   rElec:     It insulates you from electricity.
   rPois:     It protects you from poison.
   Regen:     It increases your rate of health regeneration.
   *Slow:     It may slow you when you take damage.
 v - a +3 leather armour of cold resistance (worn)
 L - a scarf of repulsion
Jewellery
 f - an amulet of the acrobat (around neck)
 H - the ring "Vaoh" (left hand) {rPois rF+ EV+4 Dex+2 Stlth+}
   (You acquired it on level 10 of the Dungeon)

   [ring of evasion]

   EV:        It affects your evasion (+4).
   Dex:       It affects your dexterity (+2).
   rF:        It protects you from fire.
   rPois:     It protects you from poison.
   Stlth:     It makes you more stealthy.
 K - a ring of protection from cold
Wands
 m - a wand of paralysis (16)
 y - a wand of polymorph (4)
 z - a wand of flame (21)
 J - a wand of mindburst (6)
 N - a wand of acid (1)
 P - a wand of digging (8)
Scrolls
 c - 9 scrolls of teleportation
 d - 2 scrolls of amnesia
 i - 2 scrolls of immolation
 j - 3 scrolls of torment
 l - 2 scrolls of summoning
 n - 2 scrolls of enchant weapon
 r - 3 scrolls of identify
 s - a scroll of noise
 u - a scroll of magic mapping
 w - 4 scrolls of silence
 x - 3 scrolls of blinking
 G - 4 scrolls of fear
Potions
 a - 2 potions of lignification
 b - 2 potions of ambrosia
 e - 5 potions of might
 g - 2 potions of cancellation
 h - a potion of magic {unknown}
 o - a potion of brilliance {unknown}
 p - 4 potions of curing
 t - 2 potions of attraction
 D - 2 potions of flight {unknown}
 F - a potion of heal wounds
Miscellaneous
 O - a lightning rod (1/4)


   Skills:
 - Level 7.0 Fighting
 - Level 2.4 Dodging
 - Level 3.0 Stealth
 * Level 17.0 Unarmed Combat
 + Level 10.5 Invocations
 + Level 3.3 Evocations


You had 11 spell levels left.
You didn't know any spells.
Your spell library contained the following spells:

 Spells                   Type           Power      Damage    Failure   Level
 Necrotise                Necr           0%         1d4       19%         1
 Sting                    Tmut/Pois      0%         1d3       19%         1
 Summon Small Mammal      Summ           0%         N/A       19%         1
 Poisonous Vapours        Pois/Air       0%         N/A       28%         2
 Scorch                   Fire           0%         2d5       28%         2
 Sublimation of Blood     Necr           0%         N/A       28%         2
 Wereblood                Tmut           0%         N/A       28%         2
 Call Canine Familiar     Summ           0%         N/A       50%         3
 Portal Projectile        Hex/Tloc       0%         N/A       50%         3
 Stone Arrow              Conj/Erth      0%         3d7       50%         3
 Summon Guardian Golem    Hex/Summ       0%         N/A       50%         3
 Animate Dead             Necr           0%         N/A       88%         4
 Leda's Liquefaction      Hex/Erth       0%         N/A       88%         4
 Olgreb's Toxic Radiance  Pois           0%         N/A       88%         4
 Petrify                  Tmut/Erth      0%         N/A       88%         4
 Agony                    Necr           0%         N/A       99%         5
 Haunt                    Necr/Summ      0%         N/A       100%        7
 Summon Hydra             Summ           0%         N/A       100%        7
 Infestation              Necr           0%         N/A       100%        8
 Shatter                  Erth           0%         3d5*      100%        9


Dungeon Overview and Level Annotations

Branches:
Dungeon (11/15)            Temple (1/1) D:5            Lair (0/5) D:10
    Orc (0/2) D:10         Bailey (visited)

Altars:
Ashenzari
Cheibriados
Dithmenos
Elyvilon
Fedhas
Gozag
Hepliaklqana
Kikubaaqudgha
Makhleb
Nemelex Xobeh
Okawaru
Qazlal
Ru
Sif Muna
Trog
Uskayaw
Vehumet
Wu Jian
Xom
Yredelemnul
Zin
The Shining One

Shops:
D:6 [   D:11 ?

Annotations:
D:3 exclusion: downstairs
D:4 Dowan, Duvessa, Pikel
D:5 2 runed translucent doors, mcwallace's ghost, novice TeFE
D:10 exclusion: downstairs


Innate Abilities, Weirdness & Mutations

Your serpentine skin is tough. (AC +4)
You have supernaturally acute eyesight. (SInv)
Armour fits poorly on your strangely shaped body.
Your system is resistant to poisons. (rPois)
You cover ground very slowly.
You can spit poison.
You have a snake-like lower body.


Message History

The boulder beetle curls into a ball and begins rolling!
There are monsters nearby!
There are monsters nearby!
The boulder beetle completely misses you.
The boulder beetle stops rolling and uncurls.
You hit the boulder beetle but do no damage.
The boulder beetle bites you.
You barely miss the boulder beetle.
You punch the boulder beetle, but do no damage.
The boulder beetle bites you!
You hit the boulder beetle but do no damage.
You pummel the boulder beetle!!
The boulder beetle is moderately wounded.
You hear a shout!
The boulder beetle closely misses you.
You pummel the boulder beetle!!
The boulder beetle is heavily wounded.
The boulder beetle bites you!!
You pummel the boulder beetle!!
The boulder beetle is severely wounded.
You punch the boulder beetle!
The boulder beetle is almost dead.
The boulder beetle bites you.
You hit the boulder beetle but do no damage.
The boulder beetle is almost dead.
The boulder beetle bites you!
You punch the boulder beetle!
You kill the boulder beetle!
Cheibriados thoroughly appreciates the change of pace.
Your Unarmed Combat skill increases to level 17!
The cyclops throws a large rock.
The large rock hits you!!
* * * LOW HITPOINT WARNING * * *
You see here a boulder beetle corpse.
Found a wand of mindburst (9).
The cyclops hits you!
* * * LOW HITPOINT WARNING * * *
The cyclops misses you.
You pummel the cyclops!!
The cyclops is heavily wounded.
The cyclops hits you!!
You die...

...#...#...#*,***#......##......#
...#.(####.##,**########.#..#...#
...#..#.....#,**.........##.#...#
...#..'.....#+#+#######'#'#.....#
'######.....##.,*#(/##.##.#.....#
.............#.##..##..##.##....#
.........)...##...##..##.#.#....#
..............#.C##..###.#[##...#
..............##@#..###.###.#...#
'#..(..#####...#.†.####.#.#.##..#
.#.....# #...##.####.##.##.#..#
.#.....# #....#...##.#}..#.##.#
.#.....# #....##.##.###.###.#.#
.#.....#####.....#.##.........#.#
###..).......##..#'#'#########'.#
..#..........'.)................#
..#.........†#.....#........#...#


You could see a cyclops.

Vanquished Creatures
  An orc warlord (Bailey)
  2 boulder beetles (D:11)
  Harold (D:10)
  2 hydras (D:11)
  Erica (D:8)
  5 two-headed ogres
  A cyclops (D:11)
  An orc knight (Bailey)
  2 smoke demons (D:10)
  A rust devil (D:10)
  A gargoyle (D:11)
  Psyche (D:8)
  Maggie (D:7)
  An ice devil (D:10)
  A komodo dragon (D:10)
  A hornet (D:7)
  A troll (D:11)
  A shadow (D:11)
  2 vampires
  2 wraiths
  15 yaks
  3 wyverns
  6 vampire mosquitoes
  An acid dragon (D:11)
  2 sky beasts
  3 ice beasts (D:6)
  4 black bears
  An ogre (D:5)
  6 orc warriors
  3 centaurs
  A phantom (D:5)
  3 bullfrogs
  2 necrophages (D:6)
  3 scorpions
  12 wights
  9 killer bees
  2 electric eels (D:9)
  5 howler monkeys
  2 hounds (D:5)
  2 jellies (D:6)
  2 orc priests
  5 iguanas
  11 orc wizards
  Ijyb (D:3)
  6 adders
  7 gnolls
  2 shadow imps
  A white imp (D:7)
  A worm (D:3)
  A dart slug (D:1)
  50 orcs
  5 ball pythons
  6 bats
  8 endoplasms
  3 giant cockroaches
  5 goblins
  11 hobgoblins
  12 jackals
  3 quokkas
  4 frilled lizards
  19 kobolds
  A rat (D:2)
278 creatures vanquished.

Vanquished Creatures (collateral kills)
  A soul eater (D:10)
1 creature vanquished.

Vanquished Creatures (others)
  A killer bee (D:8)
  3 jackals (D:5)
  2 demonic plants (D:10)
  22 plants (D:10)
28 creatures vanquished.

Grand Total: 307 creatures vanquished

Notes
Turn   | Place    | Note
-------+----------+-------------------------------------------
     0 | D:1      | ragingrage the Naga Monk began the quest for the Orb.
     0 | D:1      | Reached XP level 1. HP: 21/21 MP: 1/1
   221 | D:1      | Reached XP level 2. HP: 28/28 MP: 2/2
   751 | D:1      | Reached skill level 4 in Unarmed Combat
   840 | D:1      | Reached XP level 3. HP: 33/34 MP: 3/3
  1953 | D:2      | Reached XP level 4. HP: 40/42 MP: 4/4
  2415 | D:3      | Noticed Ijyb
  2421 | D:3      | Killed Ijyb
  2422 | D:3      | Reached skill level 5 in Unarmed Combat
  2944 | D:4      | Noticed Pikel
  2944 | D:4      | Noticed a lemure
  2944 | D:4      | Noticed a lemure
  2944 | D:4      | Noticed a lemure
  2944 | D:4      | Noticed a lemure
  3391 | D:3      | Found a faded altar of an unknown god.
  3476 | D:4      | Noticed a black bear
  3484 | D:4      | Killed a black bear
  3485 | D:4      | Reached skill level 6 in Unarmed Combat
  3485 | D:4      | Reached XP level 5. HP: 49/49 MP: 5/5
  3509 | D:4      | Noticed Duvessa
  3509 | D:4      | Noticed Dowan
  3528 | D:5      | Entered Level 5 of the Dungeon
  3536 | D:5      | Noticed a black bear
  3543 | D:4      | Reached XP level 6. HP: 29/56 MP: 6/6
  3714 | D:5      | Killed a black bear
  3715 | D:5      | Reached skill level 7 in Unarmed Combat
  3759 | D:5      | Noticed a black bear
  3773 | D:5      | Killed a black bear
  4069 | D:5      | Reached XP level 7. HP: 62/62 MP: 7/7
  4139 | D:5      | Reached skill level 8 in Unarmed Combat
  4143 | D:5      | Found a radiant altar of Vehumet.
  4703 | D:5      | Found a runed translucent door.
  4704 | D:5      | Noticed mcwallace's ghost (novice TeFE)
  4850 | D:5      | Reached skill level 9 in Unarmed Combat
  5005 | D:5      | Found a runed translucent door.
  5018 | D:5      | Reached XP level 8. HP: 69/69 MP: 8/8
  5119 | D:5      | Found a staircase to the Ecumenical Temple.
  5410 | Temple   | Entered the Ecumenical Temple
  5416 | Temple   | Became a worshipper of Cheibriados the Contemplative
  5416 | Temple   | Reached * piety under Cheibriados
  5416 | Temple   | Reached ** piety under Cheibriados
  5656 | D:6      | Found Othei's Armour Shoppe.
  5707 | D:6      | Reached skill level 10 in Unarmed Combat
  6095 | D:6      | Found a broken altar of Ashenzari.
  6109 | D:6      | Reached skill level 1 in Invocations
  6719 | D:6      | Reached XP level 9. HP: 75/78 MP: 10/10
  6766 | D:6      | Bought the +0 cloak of Cocytus {*Slow rElec rPois Regen+}
                  | for 239 gold pieces
  7015 | D:6      | Reached skill level 11 in Unarmed Combat
  7049 | D:6      | Found a shadowy altar of Dithmenos.
  7152 | D:6      | Found a sparkling altar of Nemelex Xobeh.
  7158 | D:6      | Found a hazy altar of Hepliaklqana.
  7163 | D:6      | Found an iron altar of Okawaru.
  7379 | D:6      | Reached *** piety under Cheibriados
  7431 | D:7      | Identified the +6 dagger of Victory {drain, rPois Will++}
  7625 | D:7      | Noticed a hornet
  7629 | D:7      | Killed a hornet
  7630 | D:7      | Reached skill level 5 in Fighting
  7649 | D:7      | Noticed Maggie
  7671 | D:7      | Killed Maggie
  7830 | D:8      | Reached skill level 12 in Unarmed Combat
  7835 | D:8      | Noticed Psyche
  7837 | D:8      | Reached skill level 5 in Invocations
  7840 | D:8      | Reached XP level 10. HP: 56/91 MP: 13/13
  7857 | D:8      | Killed Psyche
  8008 | D:8      | Identified the +7 whip "Ydwabrudu" {freeze, Fly Str+4}
  8162 | D:8      | Noticed Erica
  8181 | D:8      | Killed Erica
  8241 | D:8      | Noticed a two-headed ogre
  8252 | D:8      | Killed a two-headed ogre
  8253 | D:8      | Reached skill level 13 in Unarmed Combat
  8795 | D:9      | Reached **** piety under Cheibriados
  8809 | D:9      | Reached XP level 11. HP: 67/100 MP: 13/16
  8834 | D:9      | Found a flagged portal.
  8849 | D:9      | Reached skill level 14 in Unarmed Combat
  8875 | Bailey   | Entered a bailey
  8895 | Bailey   | Noticed an orc warlord
  8965 | Bailey   | Noticed an orc knight
  8999 | Bailey   | Killed an orc knight
  9046 | Bailey   | Found a runed translucent gate.
  9049 | Bailey   | Found a runed translucent gate.
  9051 | Bailey   | Found a runed translucent gate.
  9211 | Bailey   | Killed an orc warlord
  9233 | Bailey   | Got the Vademecum on Incandescent Evil
  9574 | D:10     | Entered Level 10 of the Dungeon
  9607 | D:10     | Noticed a soul eater
  9618 | D:10     | Killed a soul eater
  9697 | D:10     | Acquired the ring "Vaoh" {rPois rF+ EV+4 Dex+2 Stlth+}
  9765 | D:10     | Reached skill level 15 in Unarmed Combat
 10054 | D:10     | Found a staircase to the Orcish Mines.
 10075 | D:10     | Noticed a two-headed ogre
 10082 | D:10     | Killed a two-headed ogre
 10178 | D:10     | Reached ***** piety under Cheibriados
 10410 | D:10     | Found a staircase to the Lair.
 10513 | D:10     | Reached XP level 12. HP: 101/109 MP: 18/18
 10541 | D:10     | Found a basalt altar of Yredelemnul.
 10697 | D:10     | Noticed Harold
 10712 | D:10     | Killed Harold
 10713 | D:10     | Reached skill level 16 in Unarmed Combat
 10833 | D:11     | Noticed an eight-headed hydra
 10833 | D:11     | Found Coetaph's Magic Scroll Boutique.
 10943 | D:11     | Got Lee's Handbook of Silt
 10972 | D:11     | Noticed a two-headed ogre
 10972 | D:11     | Noticed a two-headed ogre
 10978 | D:11     | Killed a two-headed ogre
 11095 | D:11     | Noticed a boulder beetle
 11120 | D:11     | Killed a boulder beetle
 11233 | D:11     | Noticed an eight-headed hydra
 11240 | D:11     | Killed an eight-headed hydra
 11241 | D:11     | Reached skill level 1 in Evocations
 11354 | D:11     | Killed an eight-headed hydra
 11355 | D:11     | Reached skill level 10 in Invocations
 11366 | D:11     | Bought a scroll of blinking for 127 gold pieces
 11408 | D:11     | Noticed a two-headed ogre
 11413 | D:11     | Killed a two-headed ogre
 11645 | D:11     | Killed a two-headed ogre
 11677 | D:11     | Noticed a boulder beetle
 11687 | D:11     | Killed a boulder beetle
 11688 | D:11     | Reached skill level 17 in Unarmed Combat
 11690 | D:11     | Slain by a cyclops

Illustrated notes

Levels and vault maps discovered:
D:1:      erik_arrival_blinker_ship, layout_basic, minmay_close_crescents
D:2:      layout_basic
D:3:      layout_loops_ring, shapermc_ecumenical_altar_mp_vishouse, uniq_ijyb
D:4:      layout_basic, uniq_duvessa, uniq_pikel, uniq_menkaure
D:5:      layout_loops_cross, mainiacjoe_overflow_paths,
          lemuel_temple_firewalk_b, ebering_ghost_sewer_f
D:6:      layout_cave_pools, lemuel_crystal_altar,
          minmay_overflow_temple_star_quad, lemuel_coloured_pillars_altar,
          serial_shops, nicolae_shop_waterfront
D:7:      layout_rooms, uniq_maggie
D:8:      layout_loops_ring, uniq_psyche, uniq_erica
D:9:      layout_rooms, enter_bailey_2, corexii_hall_statues_x,
          minmay_misc_feat_four_crosses, minivault_14
D:10:     layout_irregular_city, kennysheep_mini, david_lair_shrubbed,
          hiddenorc2_lemuel, serial_demonic, serial_demonic_c, serial_demonic_c,
          serial_demonic_g, serial_demonic_c, serial_demonic_f, eino_jars,
          uniq_harold
D:11:     minmay_the_grid_triangle_9x9_rhombus_thin
          [minmay_the_grid_triangle_9x9_impossible_snake,
          minmay_the_grid_triangle_9x9_prize_special,
          minmay_the_grid_triangle_9x9_windchime,
          minmay_the_grid_triangle_9x9_semitri], layout_gridville, serial_shops,
          nicolae_stop_n_shop_1
Temple:   minmay_freezing_vapour_temple

Skill      XL: |  1  2  3  4  5  6  7  8  9 10 11 12 |
---------------+-------------------------------------+-----
Unarmed Combat | 4 6 7 9 10 12 13 15 17 | 17.0
Invocations    | 2 5 7 9 10 | 10.5
Fighting       | 4 5 7 |  7.0
Evocations     | 3 |  3.3
Dodging        | |  2.4
Stealth        | |  3.0

Action                   |  1- 3 |  4- 6 |  7- 9 | 10-12 || total
-------------------------+-------+-------+-------+-------++-------
Melee: Unarmed           |   127 |    96 |   275 |   456 ||   954
       Punch             |     6 |     6 |    19 |    66 ||    97
Throw: Dart              |       |     7 |    15 |     1 ||    23
       Javelin           |       |       |     3 |       ||     3
       Boomerang         |       |       |       |    63 ||    63
Invok: Bend Time         |       |       |     2 |     8 ||    10
       Slouch            |       |       |       |     4 ||     4
 Abil: Spit Poison       |    27 |    21 |    28 |     5 ||    81
Evoke: Wand              |       |     8 |     4 |    16 ||    28
       Lightning rod     |       |       |       |     4 ||     4
  Use: Scroll            |     3 |       |     5 |    11 ||    19
       Potion            |       |     1 |     3 |     5 ||     9
 Stab: Sleeping          |     1 |       |     3 |     4 ||     8
       Paralysed         |       |     6 |     2 |       ||     8
       Distracted        |       |       |       |     5 ||     5
Armor: Robe              |     8 |       |       |       ||     8
       Chain mail        |    73 |    14 |       |       ||    87
       Leather armour    |       |    17 |    72 |    89 ||   178
       Skin              |       |     3 |       |       ||     3
Dodge: Dodged            |    67 |    42 |   152 |   321 ||   582

Table legend: (Time is in decaauts)
 A = Elapsed time spent in this place.
 B = Non-inter-level travel time spent in this place.
 C = Inter-level travel time spent in this place.
 D = Time resting spent in this place.
 E = Time spent auto-exploring this place.
 F = Levels seen in this place.
 G = Mean time per level.
                   A        B        C        D        E       F      G
               +--------+--------+--------+--------+--------+-----+--------+
         Total |  17227 |  16247 |    980 |   2571 |  10147 |  13 | 1325.2 |
       Dungeon |  16591 |  15620 |    971 |   2493 |  10026 |  11 | 1508.3 |
        Temple |     17 |      9 |      8 |      0 |      0 |   1 |   17.0 |
        Bailey |    618 |    618 |      0 |     78 |    121 |   1 |  618.0 |
               +--------+--------+--------+--------+--------+-----+--------+

Top non-repeatable levels by time:
    D:10: 2426 daAuts
     D:6: 2295 daAuts
     D:5: 2005 daAuts
     D:8: 1578 daAuts
    D:11: 1521 daAuts
     D:1: 1483 daAuts
     D:3: 1363 daAuts
     D:2: 1271 daAuts
     D:9: 991 daAuts
     D:7: 882 daAuts
     D:4: 773 daAuts
  Bailey: 618 daAuts
  Temple: 17 daAuts
